AoeStats
← SeemsFishy

Arena

506440518Analyzed
4v4 RM · 19d ago on Sep 13, 2026· 82m 38s· 8 players
Game mode
Random Map
Map size
Large (8 player)
Population
200
Speed
Normal
Resources
Standard
Victory
Conquest
Starting age
Dark Age
Ending age
Imperial Age
RankedLock teamsTeams togetherTeam positionsShared explorationLock speedFull tech treeHidden civsTurbo modeCheats
Victory
Defeat
1475
+13
🇨🇴 Teutons · Colombia
1463
+14
🇵🇪 Huns · Peru
1432
+15
🇨🇳 Turks · China
1315
+20
🇩🇪 Hindustanis · Germany
1464
-18
🇩🇰 Wu · Denmark
1415
-16
🇬🇧 Spanish · United Kingdom
1398
-15
🇩🇪 Celts · Germany
1347
-13
Caram
12:07 Feudal Age
12:47 Man-at-Arms
15:18 Loom
16:37 Town Watch
20:01 Castle Age
20:52 Fletching
26:40 Wheelbarrow
30:39 Bodkin Arrow
32:42 Double-Bit Axe
33:53 Bow Saw
33:28 Horse Collar
35:50 Heavy Plow
40:03 Imperial Age
38:00 Hand Cart
38:38 Scale Mail Armor
38:49 Forging
39:51 Gold Mining
39:52 Stone Mining
40:59 Chain Mail Armor
41:20 Iron Casting
40:09 Onager
41:34 Conscription
42:05 Gold Shaft Mining
42:42 Siege Onager
44:54 Plate Mail Armor
45:24 Blast Furnace
46:14 Furor Celtica
47:13 Chemistry
46:19 Siege Engineers
47:16 Chemistry
46:59 Pikeman
47:27 Halberdier
50:27 Capped Ram
51:14 Padded Archer Armor
51:28 Siege Ram
53:31 Coinage
53:11 Guilds
53:02 Caravan
53:03 Arson
54:56 Banking
60:12 Fortified Wall
60:13 Masonry
82:42 Stronghold
SeemsFishy
10:56 Feudal Age
14:52 Castle Age
14:18 Double-Bit Axe
14:15 Horse Collar
16:10 Bow Saw
21:13 Scale Barding Armor
24:09 Gold Mining
24:25 Heavy Plow
30:44 Imperial Age
27:59 Loom
27:45 Light Cavalry
28:37 Bloodlines
29:26 Husbandry
30:16 Chain Barding Armor
30:06 Forging
30:54 Fortified Wall
30:56 Masonry
30:46 Cavalier
33:02 Iron Casting
34:38 Wheelbarrow
34:48 Plate Barding Armor
37:52 Hand Cart
40:02 Coinage
38:55 Paladin
47:32 Light Cavalry
49:15 Hussar
59:13 Fletching
59:24 Padded Archer Armor
60:24 Blast Furnace
59:15 Elite Skirmisher
60:47 Bodkin Arrow
61:08 Leather Archer Armor
62:00 Bracer
63:26 Ring Archer Armor
63:29 Thumb Ring
64:24 Architecture
63:51 Murder Holes
65:45 Blast Furnace
66:23 Ballistics
67:03 Chemistry
70:02 Bombard Tower
70:58 Hoardings
Dongart
11:24 Feudal Age
9:45 Loom
9:49 Loom
15:05 Castle Age
13:20 Horse Collar
13:56 Double-Bit Axe
16:32 Bow Saw
17:37 Fletching
19:03 Bodkin Arrow
24:00 Stone Mining
29:04 Masonry
31:08 Wheelbarrow
32:18 Coinage
31:46 Gold Mining
39:32 Gold Shaft Mining
39:17 Heavy Plow
41:11 Elite Skirmisher
42:54 Padded Archer Armor
49:37 Hand Cart
49:55 Leather Archer Armor
50:49 Caravan
53:56 Ballistics
57:05 Imperial Age
57:50 Bracer
61:01 Two-Man Saw
67:02 Crossbowman
69:03 Scale Mail Armor
69:46 Forging
69:13 Pikeman
69:54 Squires
70:11 Chain Mail Armor
72:32 Plate Mail Armor
72:59 Halberdier
73:14 Arbalester
76:13 Arbalester
AncientKing
10:51 Feudal Age
14:52 Castle Age
12:57 Double-Bit Axe
16:51 Bow Saw
19:00 Loom
21:44 Wheelbarrow
20:55 Horse Collar
23:22 Scale Barding Armor
23:28 Forging
23:27 Heavy Plow
24:17 Hand Cart
24:33 Bloodlines
25:36 Chain Barding Armor
26:08 Husbandry
30:21 Imperial Age
27:48 Gold Mining
27:52 Stone Mining
30:25 Gold Shaft Mining
30:08 Light Cavalry
31:41 Plate Barding Armor
30:27 Heavy Camel Rider
32:38 Chemistry
31:43 Hussar
32:57 Town Watch
32:58 Imperial Camel Rider
34:14 Conscription
33:55 Grand Trunk Road
34:39 Iron Casting
36:30 Blast Furnace
38:24 Caravan
38:47 Fletching
39:05 Siege Engineers
39:40 Shatagni
40:27 Padded Archer Armor
42:18 Leather Archer Armor
44:00 Ring Archer Armor
44:58 Coinage
47:36 Banking
49:12 Stone Shaft Mining
53:54 Masonry
53:40 Bodkin Arrow
53:57 Fortified Wall
53:44 Murder Holes
59:35 Bracer
62:26 Two-Man Saw
[GDL] MancazoPaTodo!
4:44 Double-Bit Axe
10:57 Feudal Age
12:04 Loom
15:24 Castle Age
13:26 Horse Collar
15:05 Bow Saw
15:30 Light Cavalry
17:12 Husbandry
18:46 Fervor
22:51 Heavy Plow
26:03 Wheelbarrow
26:31 Two-Man Saw
25:59 Cavalier
26:45 Scale Barding Armor
28:41 Town Watch
29:38 Crop Rotation
29:30 Chain Barding Armor
32:18 Imperial Age
30:50 Forging
31:23 Fletching
31:34 Gold Mining
31:35 Stone Mining
34:05 Chemistry
33:41 Plate Barding Armor
34:32 Hand Cart
34:01 Treadmill Crane
33:50 Hussar
35:01 Bodkin Arrow
36:05 Burgundian Vineyards
36:21 Conscription
37:24 Gold Shaft Mining
37:25 Stone Shaft Mining
37:47 Coinage
38:58 Hoardings
39:23 Banking
40:02 Iron Casting
42:51 Bracer
42:51 Murder Holes
43:46 Pikeman
44:27 Squires
45:41 Ballistics
48:29 Bombard Tower
48:49 Caravan
51:35 Masonry
52:27 Blast Furnace
62:17 Halberdier
65:28 Guilds
69:58 Elite Coustillier
72:39 Paladin
79:30 Guilds
Sebasky
9:04 Feudal Age
7:26 Loom
9:38 Double-Bit Axe
12:35 Fletching
22:30 Horse Collar
26:03 Castle Age
23:58 Gold Mining
23:59 Stone Mining
26:44 Bodkin Arrow
27:02 Bow Saw
27:32 Guard Tower
32:12 Ballistics
32:59 Heavy Plow
37:47 Scale Mail Armor
37:58 Forging
39:10 Wheelbarrow
39:10 Town Watch
40:42 Chain Mail Armor
41:02 Iron Casting
43:07 Imperial Age
40:05 Pikeman
40:46 Squires
40:32 Arson
41:31 Masonry
42:18 Ironclad
43:14 Onager
44:02 Halberdier
44:37 Siege Onager
46:48 Caravan
47:27 Crenellations
48:19 Plate Mail Armor
48:49 Blast Furnace
49:57 Chemistry
49:41 Conscription
49:33 Town Patrol
49:17 Capped Ram
51:07 Stone Shaft Mining
52:34 Siege Engineers
54:47 Hoardings
56:00 Arrowslits
56:51 Elite Teutonic Knight
64:49 Bombard Tower
65:19 Crop Rotation
65:51 Two-Man Saw
66:38 Hand Cart
67:16 Coinage
66:56 Guilds
67:26 Heavy Scorpion
72:13 Banking
71:54 Guilds
76:44 Scale Barding Armor
77:11 Cavalier
78:01 Bloodlines
78:13 Chain Barding Armor
78:24 Paladin
80:43 Fortified Wall
82:47 Plate Barding Armor
小帅shuai
12:40 Feudal Age
13:30 Double-Bit Axe
13:46 Gold Mining
16:23 Castle Age
14:34 Horse Collar
22:01 Imperial Age
20:59 Bow Saw
22:01 Loom
23:47 Guilds
27:10 Loom
35:50 Padded Archer Armor
35:50 Scale Mail Armor
36:30 Wheelbarrow
38:22 Murder Holes
38:39 Fortified Wall
39:28 Leather Archer Armor
40:01 Scale Barding Armor
39:58 Scale Mail Armor
41:17 Ballistics
43:44 Gold Shaft Mining
45:36 Stone Mining
45:42 Horse Collar
48:22 Two-Man Saw
48:40 Caravan
49:14 Ring Archer Armor
50:04 Chain Barding Armor
50:00 Chain Mail Armor
50:52 Hand Cart
50:22 Town Watch
51:43 Masonry
51:14 Treadmill Crane
54:34 Heavy Plow
57:48 Murder Holes
58:23 Architecture
58:32 Plate Barding Armor
58:29 Plate Mail Armor
61:30 Bombard Tower
64:53 Conscription
67:33 Bloodlines
67:23 Husbandry
70:00 Forging
77:59 Iron Casting
_The_Oldergold
10:54 Feudal Age
14:52 Castle Age
13:26 Double-Bit Axe
13:53 Horse Collar
22:12 Wheelbarrow
23:28 Scale Barding Armor
23:25 Husbandry
23:36 Bloodlines
25:52 Bow Saw
26:07 Chain Barding Armor
27:40 Forging
27:41 Town Watch
30:26 Iron Casting
30:30 Hand Cart
31:30 Heavy Plow
34:44 Imperial Age
32:00 Loom
34:51 Cavalier
36:49 Blast Furnace
36:51 Plate Barding Armor
36:46 Paladin
37:29 Pikeman
38:09 Squires
38:10 Scale Mail Armor
38:25 Fletching
39:14 Halberdier
40:11 Chain Mail Armor
40:59 Chemistry
40:51 Bodkin Arrow
43:11 Two-Man Saw
46:48 Bracer
47:09 Ballistics
46:30 Light Cavalry
48:14 Town Patrol
48:35 Caravan
48:54 Guilds
54:05 Gold Mining
54:06 Stone Mining
59:22 Masonry
59:06 Arson
63:03 Capped Ram
63:59 Siege Ram
65:29 Conscription
74:59 Atheism
Connection lost

Rejoining the realm…

Still unreachable

The connection could not be restored.

Session expired

The server has moved on; the page needs a fresh start.